TOP OF THE 1ST |
Springfield Stars batting - Pitching for Kansas City Kings : LHP Jesús López
|
Pitching: LHP Jesús López
|
|
Batting: RHB Juan Rodríguez
|
0-0: Ball 1-0: Called Strike 1-1: Ground out 5-3 (Groundball, 5)
|
Batting: RHB Calvin Bennett
|
0-0: Ball 1-0: Foul Ball, location: 2F 1-1: Foul Ball, location: 2F 1-2: DOUBLE (Line Drive, 7LM)
|
Batting: LHB Derek Davidson
|
0-0: Called Strike 0-1: Ball 1-1: Called Strike 1-2: Ball 2-2: Foul Ball, location: 2F 2-2: Strikes out swinging
|
Batting: LHB Felipe Guerrero
|
0-0: Called Strike 0-1: Swinging Strike 0-2: Ball 1-2: SINGLE (Groundball, 34D) Calvin Bennett to third Runner from 3rd tries for Home, SAFE, no throw or cutoff
|
Batting: LHB Elliott Newell
|
0-0: Ball 1-0: Ball 2-0: Called Strike 2-1: Ball 3-1: Swinging Strike 3-2: Strikes out swinging
|
Top of the 1st over - 1 run(s), 2 hit(s), 0 error(s), 1 left on base; Springfield 1 - Kansas City 0 |
BOTTOM OF THE 1ST |
Kansas City Kings batting - Pitching for Springfield Stars : LHP José López
|
Pitching: LHP José López
|
|
Batting: RHB Chris Chandler
|
0-0: Called Strike 0-1: Ball 1-1: Fly out, F7 (Flyball, 7M)
|
Batting: LHB Ray Spencer
|
0-0: Ball 1-0: Foul Ball, location: 2F 1-1: Ball 2-1: Foul Ball, location: 2F 2-2: Strikes out swinging
|
Batting: RHB Toshimichi Kono
|
0-0: Foul Ball, location: 2F 0-1: Ball 1-1: Ball 2-1: Fly out, F8 (Flyball, 8RD)
|
Bottom of the 1st over - 0 run(s), 0 hit(s), 0 error(s), 0 left on base; Springfield 1 - Kansas City 0 |
TOP OF THE 2ND |
Springfield Stars batting - Pitching for Kansas City Kings : LHP Jesús López
|
Batting: SHB Shane Hutchinson
|
0-0: Ball 1-0: Ball 2-0: Ball 3-0: Base on Balls
|
Batting: RHB Bryan Sandstrom
|
0-0: Called Strike 0-1: Ball 1-1: Foul Ball, location: 2F 1-2: Strikes out swinging
|
Batting: RHB Juan Carlos Rodríguez
|
0-0: Ball 1-0: Ball 2-0: SINGLE (Line Drive, 8LS) Shane Hutchinson to second
|
Batting: LHB Jesús Tobías
|
0-0: Ball 1-0: Ball 2-0: Ball 3-0: Called Strike 3-1: Called Strike 3-2: Foul Ball, location: 2F 3-2: Foul Ball, location: 2F 3-2: Ground out 4-3 (Groundball, 4M) Shane Hutchinson to third Juan Carlos Rodríguez to second
|
Batting: RHB Juan Rodríguez
|
0-0: Foul Ball, location: 2F 0-1: Ball 1-1: Ball 2-1: Ground out 5-3 (Groundball, 56)
|
Top of the 2nd over - 0 run(s), 1 hit(s), 0 error(s), 2 left on base; Springfield 1 - Kansas City 0 |
BOTTOM OF THE 2ND |
Kansas City Kings batting - Pitching for Springfield Stars : LHP José López
|
Batting: LHB Pablo Reyes
|
0-0: Ground out 5-3 (Groundball, 5)
|
Batting: RHB Dave Parker
|
0-0: SINGLE (Groundball, 56D)
|
Batting: SHB Víctor Serrano
|
0-0: Called Strike 0-1: Foul Ball, location: 2F 0-2: Ball 1-2: Fly out, F3 (Line Drive, 3L) 1-2: Lined into DP, U3 (Line Drive, 3L)
|
Bottom of the 2nd over - 0 run(s), 1 hit(s), 0 error(s), 0 left on base; Springfield 1 - Kansas City 0 |
TOP OF THE 3RD |
Springfield Stars batting - Pitching for Kansas City Kings : LHP Jesús López
|
Batting: RHB Calvin Bennett
|
0-0: Called Strike 0-1: Foul Ball, location: 2F 0-2: Ball 1-2: Ball 2-2: Ball 3-2: Fly out, F8 (Flyball, 8RXD)
|
Batting: LHB Derek Davidson
|
0-0: Ball 1-0: Ball 2-0: Foul Ball, location: 2F 2-1: Swinging Strike 2-2: Ground out U3 (Groundball, 3S)
|
Batting: LHB Felipe Guerrero
|
0-0: Called Strike 0-1: Ball 1-1: Foul Ball, location: 2F 1-2: Foul Ball, location: 2F 1-2: Ball 2-2: Ball 3-2: Foul Ball, location: 2F 3-2: Fly out, F9 (Flyball, 9LD)
|
Top of the 3rd over - 0 run(s), 0 hit(s), 0 error(s), 0 left on base; Springfield 1 - Kansas City 0 |
BOTTOM OF THE 3RD |
Kansas City Kings batting - Pitching for Springfield Stars : LHP José López
|
Batting: LHB Ethan Marshall
|
0-0: Foul Ball, location: 2F 0-1: Called Strike 0-2: Foul Ball, location: 2F 0-2: Ball 1-2: Ball 2-2: Ground out U3 (Groundball, 3)
|
Batting: LHB Brian Boone
|
0-0: Foul Ball, location: 2F 0-1: Foul Ball, location: 2F 0-2: Ball 1-2: Ball 2-2: SINGLE (Line Drive, 89S)
|
Batting: RHB Matt Richards
|
0-0: SINGLE (Groundball, 4M) Brian Boone to second
|
Batting: RHB Chris Chandler
|
0-0: Ball 1-0: Ball 2-0: Foul Ball, location: 2F 2-1: TRIPLE (Line Drive, 3L) Brian Boone scores Matt Richards scores
|
Batting: LHB Ray Spencer
|
0-0: Ball 1-0: Swinging Strike 1-1: Swinging Strike 1-2: Strikes out swinging
|
Batting: RHB Toshimichi Kono
|
0-0: Foul Ball, location: 2F 0-1: Ground out 6-3 (Groundball, 6)
|
Bottom of the 3rd over - 2 run(s), 3 hit(s), 0 error(s), 1 left on base; Springfield 1 - Kansas City 2 |
TOP OF THE 4TH |
Springfield Stars batting - Pitching for Kansas City Kings : LHP Jesús López
|
Batting: LHB Elliott Newell
|
0-0: Ball 1-0: Swinging Strike 1-1: Ball 2-1: Foul Ball, location: 2F 2-2: Strikes out swinging
|
Batting: SHB Shane Hutchinson
|
0-0: Called Strike 0-1: Ball 1-1: Ground out 5-3 (Groundball, 5)
|
Batting: RHB Bryan Sandstrom
|
0-0: Foul Ball, location: 2F 0-1: Fly out, F9 (Flyball, 9M)
|
Top of the 4th over - 0 run(s), 0 hit(s), 0 error(s), 0 left on base; Springfield 1 - Kansas City 2 |
BOTTOM OF THE 4TH |
Kansas City Kings batting - Pitching for Springfield Stars : LHP José López
|
Batting: LHB Pablo Reyes
|
0-0: Foul Ball, location: 2F 0-1: Ground out 6-3 (Groundball, 6)
|
Batting: RHB Dave Parker
|
0-0: Fly out, F9 (Flyball, 9LM)
|
Batting: SHB Víctor Serrano
|
0-0: Ball 1-0: Ball 2-0: Ball 3-0: Base on Balls
|
Batting: LHB Ethan Marshall
|
0-0: SINGLE (Line Drive, 34D) Víctor Serrano to second
|
Batting: LHB Brian Boone
|
0-0: Called Strike 0-1: Ground out 3-1 (Groundball, 34)
|
Bottom of the 4th over - 0 run(s), 1 hit(s), 0 error(s), 2 left on base; Springfield 1 - Kansas City 2 |
TOP OF THE 5TH |
Springfield Stars batting - Pitching for Kansas City Kings : LHP Jesús López
|
Batting: RHB Juan Carlos Rodríguez
|
0-0: Called Strike 0-1: Ball 1-1: Called Strike 1-2: Foul Ball, location: 2F 1-2: Foul Ball, location: 2F 1-2: Foul Ball, location: 2F 1-2: SOLO HOME RUN (Flyball, 7D), Distance : 355 ft
|
Batting: LHB Jesús Tobías
|
0-0: Called Strike 0-1: Ball 1-1: Foul Ball, location: 2F 1-2: Ball 2-2: Foul Ball, location: 2F 2-2: Foul Ball, location: 2F 2-2: Fly out, F8 (Flyball, 8RM)
|
Batting: RHB Juan Rodríguez
|
0-0: Ball 1-0: Ball 2-0: Called Strike 2-1: Swinging Strike 2-2: Foul Ball, location: 2F 2-2: Foul Ball, location: 2F 2-2: SINGLE (Groundball, 56D)
|
Pitching: RHP Tom McConnell
|
|
Batting: RHB Calvin Bennett
|
0-0: Ball 1-0: Called Strike 1-1: Swinging Strike 1-2: Ball 2-2: 2-RUN HOME RUN (Flyball, 7D), Distance : 354 ft
|
Batting: LHB Derek Davidson
|
0-0: Called Strike 0-1: Ball 1-1: Swinging Strike 1-2: Strikes out swinging
|
Batting: LHB Felipe Guerrero
|
0-0: Swinging Strike 0-1: Ball 1-1: Ball 2-1: Swinging Strike 2-2: Foul Ball, location: 2F 2-2: Strikes out swinging
|
Top of the 5th over - 3 run(s), 3 hit(s), 0 error(s), 0 left on base; Springfield 4 - Kansas City 2 |
BOTTOM OF THE 5TH |
Kansas City Kings batting - Pitching for Springfield Stars : LHP José López
|
Batting: RHB Matt Richards
|
0-0: SINGLE (Groundball, 6MD)
|
Batting: RHB Chris Chandler
|
0-0: SINGLE (Line Drive, 6D) Matt Richards to second
|
Batting: LHB Ray Spencer
|
0-0: Called Strike 0-1: Called Strike 0-2: Strikes out swinging
|
Batting: RHB Toshimichi Kono
|
0-0: Called Strike 0-1: Ball 1-1: Swinging Strike 1-2: Foul Ball, location: 2F 1-2: Foul Ball, location: 2F 1-2: Fly out, F8 (Flyball, 8RXD) Runner from 2nd tags up, SAFE at 3rd, no throw
|
Batting: LHB Pablo Reyes
|
0-0: Foul Ball, location: 2F 0-1: Ball 1-1: Swinging Strike 1-2: Strikes out looking
|
Bottom of the 5th over - 0 run(s), 2 hit(s), 0 error(s), 2 left on base; Springfield 4 - Kansas City 2 |
TOP OF THE 6TH |
Springfield Stars batting - Pitching for Kansas City Kings : RHP Tom McConnell
|
Batting: LHB Elliott Newell
|
0-0: Ball 1-0: Called Strike 1-1: Ball 2-1: Ball 3-1: DOUBLE (Line Drive, 9LS)
|
Batting: SHB Shane Hutchinson
|
0-0: Intentional Walk
|
Batting: RHB Bryan Sandstrom
|
0-0: Fly out, F9 (Flyball, 9LM)
|
Batting: RHB Juan Carlos Rodríguez
|
0-0: Swinging Strike 0-1: Foul Ball, location: 2F 0-2: Ball 1-2: Ground out 5-3 (Groundball, 56S) Elliott Newell to third Shane Hutchinson to second
|
Batting: LHB Jesús Tobías
|
0-0: SINGLE (Line Drive, 9LS) Elliott Newell scores Shane Hutchinson to third Runner from 3rd tries for Home, SAFE, no throw or cutoff
|
Pitching: RHP Norman White
|
|
Batting: RHB Juan Rodríguez
|
0-0: Called Strike 0-1: Ball 1-1: Foul Ball, location: 2F 1-2: Ground out 4-3 (Groundball, 4)
|
Top of the 6th over - 2 run(s), 2 hit(s), 0 error(s), 1 left on base; Springfield 6 - Kansas City 2 |
BOTTOM OF THE 6TH |
Kansas City Kings batting - Pitching for Springfield Stars : LHP José López
|
Batting: RHB Dave Parker
|
0-0: Ball 1-0: Called Strike 1-1: SOLO HOME RUN (Flyball, 78XD), Distance : 400 ft
|
Batting: SHB Víctor Serrano
|
0-0: Called Strike 0-1: Called Strike 0-2: Ball 1-2: Strikes out swinging
|
Batting: LHB Ethan Marshall
|
0-0: Fly out, F7 (Flyball, 78M)
|
Batting: LHB Brian Boone
|
0-0: Foul Ball, location: 2F 0-1: Ball 1-1: Foul Ball, location: 2F 1-2: Foul Ball, location: 2F 1-2: Ball 2-2: Strikes out swinging
|
Bottom of the 6th over - 1 run(s), 1 hit(s), 0 error(s), 0 left on base; Springfield 6 - Kansas City 3 |
TOP OF THE 7TH |
Springfield Stars batting - Pitching for Kansas City Kings : RHP Norman White
|
Batting: RHB Calvin Bennett
|
0-0: Called Strike 0-1: Ball 1-1: Ball 2-1: SINGLE (Groundball, 56D)
|
Batting: LHB Derek Davidson
|
0-0: Foul Ball, location: 2F 0-1: Swinging Strike 0-2: Foul Ball, location: 2F 0-2: Strikes out swinging
|
Batting: LHB Felipe Guerrero
|
0-0: Ball 1-0: Ball 2-0: Swinging Strike 2-1: Foul Ball, location: 2F 2-2: Strikes out swinging
|
Batting: LHB Elliott Newell
|
0-0: DOUBLE (Line Drive, 78S) Calvin Bennett to third Runner from 3rd tries for Home, SAFE, no throw or cutoff
|
Batting: SHB Shane Hutchinson
|
0-0: Ball 1-0: Ball 2-0: Ground out 4-3 (Groundball, 34)
|
Top of the 7th over - 1 run(s), 2 hit(s), 0 error(s), 1 left on base; Springfield 7 - Kansas City 3 |
BOTTOM OF THE 7TH |
Kansas City Kings batting - Pitching for Springfield Stars : LHP José López
|
Batting: RHB Matt Richards
|
0-0: Ball 1-0: Swinging Strike 1-1: Ball 2-1: Ball 3-1: Ground out 5-3 (Groundball, 5S)
|
Batting: RHB Chris Chandler
|
0-0: Ball 1-0: Foul Ball, location: 2F 1-1: Foul Ball, location: 2F 1-2: Ball 2-2: Foul Ball, location: 2F 2-2: Ground out 6-3 (Groundball, 6)
|
Batting: LHB Ray Spencer
|
0-0: Ball 1-0: DOUBLE (Flyball, 78XD)
|
Batting: RHB Toshimichi Kono
|
0-0: Ball 1-0: Ball 2-0: Ground out U3 (Groundball, 3)
|
Bottom of the 7th over - 0 run(s), 1 hit(s), 0 error(s), 1 left on base; Springfield 7 - Kansas City 3 |
TOP OF THE 8TH |
Springfield Stars batting - Pitching for Kansas City Kings : RHP Norman White
|
Batting: RHB Bryan Sandstrom
|
0-0: Swinging Strike 0-1: Foul Ball, location: 2F 0-2: Ground out 4-3 (Groundball, 4)
|
Batting: RHB Juan Carlos Rodríguez
|
0-0: Called Strike 0-1: DOUBLE (Line Drive, 5L)
|
Batting: LHB Jesús Tobías
|
0-0: Ball 1-0: Foul Ball, location: 2F 1-1: Ball 2-1: Ground out U3 (Groundball, 3S) Juan Carlos Rodríguez to third
|
Batting: RHB Juan Rodríguez
|
0-0: Ball 1-0: Ball 2-0: Ball 3-0: Called Strike 3-1: DOUBLE (Flyball, 8LM) Juan Carlos Rodríguez scores
|
Pitching: RHP Cipriano Montáñez
|
|
Batting: RHB Calvin Bennett
|
0-0: Called Strike 0-1: Ball 1-1: DOUBLE (Line Drive, 5L) Juan Rodríguez scores
|
Batting: LHB Derek Davidson
|
0-0: Called Strike 0-1: Swinging Strike 0-2: Ground out 4-3 (Groundball, 4)
|
Top of the 8th over - 2 run(s), 3 hit(s), 0 error(s), 1 left on base; Springfield 9 - Kansas City 3 |
BOTTOM OF THE 8TH |
Kansas City Kings batting - Pitching for Springfield Stars : LHP José López
|
Batting: LHB Pablo Reyes
|
0-0: Ball 1-0: Swinging Strike 1-1: Called Strike 1-2: Strikes out swinging
|
Batting: RHB Dave Parker
|
0-0: Swinging Strike 0-1: Foul Ball, location: 2F 0-2: Ball 1-2: Ball 2-2: Strikes out swinging
|
Batting: SHB Víctor Serrano
|
0-0: Called Strike 0-1: Ball 1-1: Ball 2-1: Swinging Strike 2-2: Foul Ball, location: 2F 2-2: Ball 3-2: Ground out 4-3 (Groundball, 4)
|
Bottom of the 8th over - 0 run(s), 0 hit(s), 0 error(s), 0 left on base; Springfield 9 - Kansas City 3 |
TOP OF THE 9TH |
Springfield Stars batting - Pitching for Kansas City Kings : RHP Cipriano Montáñez
|
Batting: LHB Felipe Guerrero
|
0-0: Foul Ball, location: 2F 0-1: Foul Ball, location: 2F 0-2: Ball 1-2: Fly out, F5 (Popup, 5SF)
|
Batting: LHB Elliott Newell
|
0-0: Swinging Strike 0-1: Ball 1-1: Fly out, F8 (Flyball, 89XD)
|
Batting: SHB Shane Hutchinson
|
0-0: Ball 1-0: Ball 2-0: Foul Ball, location: 2F 2-1: Called Strike 2-2: Foul Ball, location: 2F 2-2: Ground out 6-3 (Groundball, 6M)
|
Top of the 9th over - 0 run(s), 0 hit(s), 0 error(s), 0 left on base; Springfield 9 - Kansas City 3 |
BOTTOM OF THE 9TH |
Kansas City Kings batting - Pitching for Springfield Stars : LHP José López
|
Pitching: RHP Jorge Delgado
|
|
Now at SS: David García
|
|
Batting: LHB Ethan Marshall
|
0-0: Called Strike 0-1: Ground out 3-1 (Groundball, 34)
|
Batting: LHB Brian Boone
|
0-0: Ball 1-0: Ball 2-0: Called Strike 2-1: Swinging Strike 2-2: Strikes out swinging
|
Batting: RHB Matt Richards
|
0-0: Called Strike 0-1: SINGLE (Line Drive, 4D)
|
Batting: RHB Chris Chandler
|
0-0: Called Strike 0-1: Foul Ball, location: 2F 0-2: Ball 1-2: Foul Ball, location: 2F 1-2: 2-RUN HOME RUN (Line Drive, 78XD), Distance : 399 ft
|
Batting: LHB Ray Spencer
|
0-0: SOLO HOME RUN (Flyball, 89XD), Distance : 374 ft
|
Pitching: RHP José Valdéz
|
|
Batting: RHB Toshimichi Kono
|
0-0: Ground out U3 (Groundball, 3S)
|
Bottom of the 9th over - 3 run(s), 3 hit(s), 0 error(s), 0 left on base; Springfield 9 - Kansas City 6 |
|